 Dungeon Crawl Stone Soup version 0.26-a0-346-g33516b1736 (webtiles) character file.

Game seed: 13941911047662690568

1642 BritishOli the Skirmisher (level 8, -2/64 HPs)
             Began as a Demonspawn Fighter on July 17, 2020.
             Was a Believer of Okawaru.
             Slain by a killer bee (7 damage)
             ... on level 7 of the Dungeon.
             The game lasted 00:05:44 (5806 turns).

BritishOli the Skirmisher (Demonspawn Fighter)      Turns: 5806, Time: 00:05:44

Health: -2/64      AC:  7    Str: 24    XL:     8   Next: 67%
Magic:  8/8        EV: 10    Int: 11    God:    Okawaru [**....]
Gold:   271        SH: 11    Dex: 18    Spells: 7/7 levels left

rFire    . . .     SeeInvis .   a - +0 long sword
rCold    . . .     Faith    .   c - +0 kite shield
rNeg     . . .     Spirit   .   b - +0 scale mail
rPois    .         Reflect  .   (no helmet)
rElec    .         Harm     .   (no cloak)
rCorr    .                      (no gloves)
MR       .....                  (boots unavailable)
Stlth    ..........             (no amulet)
HPRegen  0.20/turn              o - +6 ring of dexterity
MPRegen  0.11/turn              p - +6 ring of strength

@: lethally poisoned (-2 -> -20), very slightly contaminated, invisible
A: hooves 3, repulsion field 1, powered by death 1
a: Heroism, Renounce Religion


You were on level 7 of the Dungeon.
You worshipped Okawaru.
Okawaru was pleased with you.
You visited 1 branch of the dungeon, and saw 7 of its levels.

You collected 271 gold pieces.

Inventory:

Hand Weapons
 a - a +0 long sword (weapon)
Armour
 b - a +0 scale mail (worn)
 c - a +0 kite shield (worn)
Jewellery
 o - a +6 ring of dexterity (left hand)
 p - a +6 ring of strength (right hand)
 s - an uncursed ring of protection from cold {unknown}
Wands
 v - a wand of iceblast (19)
 C - a wand of disintegration (12)
Scrolls
 e - 7 scrolls of identify {unknown}
 f - 4 scrolls of remove curse {unknown}
 g - a scroll of enchant armour {unknown}
 k - 5 scrolls of fear {unknown}
 q - a scroll of amnesia {unknown}
 r - 2 scrolls of magic mapping {unknown}
 u - a scroll of enchant weapon {unknown}
 x - 2 scrolls of teleportation {unknown}
 y - 3 scrolls of immolation {unknown}
 z - a scroll of blinking {unknown}
 A - a scroll of silence {unknown}
Potions
 d - a potion of might
 h - 2 potions of magic {unknown}
 i - 2 potions of mutation {unknown}
 j - 2 potions of curing {unknown}
 l - 3 potions of heal wounds
 m - a potion of degeneration {unknown}
 n - a potion of lignification {unknown}
 t - a potion of invisibility
 w - a potion of brilliance {unknown}
 B - a potion of haste {unknown}


   Skills:
 + Level 6.2 Fighting
 + Level 5.2 Long Blades
 + Level 5.7 Armour
 + Level 5.7 Shields


You had 7 spell levels left.
You didn't know any spells.
Your spell library was empty.

Dungeon Overview and Level Annotations

Branches:
Dungeon (7/15)             Temple (0/1) D:5

Altars:
Ashenzari
Cheibriados
Dithmenos
Fedhas
Gozag
Hepliaklqana
Kikubaaqudgha
Makhleb
Nemelex Xobeh
Okawaru
Ru
Sif Muna
Trog
Uskayaw
Wu Jian
Xom
The Shining One

Annotations:
D:5 Menkaure
D:6 Blork the orc


Innate Abilities, Weirdness & Mutations

You have hooves in place of feet.
You are surrounded by a mild repulsion field. (EV +2)
You regenerate a little health from kills.


Message History

You are very lightly contaminated with residual magic.
You strike the helpless quokka from behind!
You hit the quokka.
You kill the quokka!
Okawaru accepts your kill.
* * * LOW HITPOINT WARNING * * *
You feel sick. You block the killer bee's attack. x2
The killer bee stings you.
* * * LOW HITPOINT WARNING * * *
You block the killer bee's attack. The killer bee barely misses you.
You strike the helpless killer bee from behind!
You hit the killer bee.
You kick the killer bee, but do no damage.
The killer bee is lightly wounded.
* * * LOW HITPOINT WARNING * * *
You feel very sick. The killer bee closely misses you.
The killer bee stings you.
* * * LOW HITPOINT WARNING * * *
The killer bee stings you!
You die...

.... ....#........#....... #..
#...#........#####..#
#####..###...#.......##..##..#
....'........#.......#....#...
....#........#.......#....#...
. #........#.......#....#...
#..###y.##.......#...###..
#..###.y#.....####...###..
#........#@....#.......#...
#........yy....#.......#...
#........#.....'.......'...
######'###.....###...####.#
.............#...####.#
#.............#.........
#.............#.........
#.............#.........
..............#.##...#


You could see 2 killer bees.

Vanquished Creatures
  A hippogriff (D:7)
  Sigmund (D:4)
  An ice beast (D:5)
  An ogre (D:2)
  3 bullfrogs (D:6)
  A gnoll sergeant (D:6)
  A scorpion (D:7)
  A killer bee (D:7)
  3 howler monkeys
  A bullfrog zombie (D:5)
  3 jellies
  4 orc priests
  2 orc wizards (D:7)
  A bullfrog skeleton (D:4)
  A centaur skeleton (D:7)
  An iguana (D:5)
  3 worker ants
  2 hound skeletons
  5 gnolls (D:6)
  7 adders
  2 oozes
  3 worms
  A leopard gecko (D:1)
  8 orcs
  11 bats
  4 giant cockroaches
  5 hobgoblins
  7 jackals
  6 kobolds
  2 quokkas
  3 ball pythons
  8 frilled lizards
  9 goblins
  4 rats
116 creatures vanquished.

Notes
Turn   | Place    | Note
-------+----------+-------------------------------------------
     0 | D:1      | BritishOli the Demonspawn Fighter began the quest for the
                  | Orb.
     0 | D:1      | Reached XP level 1. HP: 18/18 MP: 1/1
   275 | D:1      | Gained mutation: You have large cloven feet. [demonic
                  | ancestry]
   275 | D:1      | Reached XP level 2. HP: 19/24 MP: 2/2
  1061 | D:2      | Gained mutation: You have hoof-like feet. [demonic
                  | ancestry]
  1061 | D:2      | Reached XP level 3. HP: 27/29 MP: 3/3
  1759 | D:2      | Gained mutation: You are surrounded by a mild repulsion
                  | field. (EV +2) [demonic ancestry]
  1759 | D:2      | Reached XP level 4. HP: 31/35 MP: 4/4
  2039 | D:2      | Noticed an ogre
  2044 | D:2      | Killed an ogre
  2044 | D:2      | Gained mutation: You regenerate a little health from kills.
                  | [demonic ancestry]
  2044 | D:2      | Reached XP level 5. HP: 29/42 MP: 5/5
  2209 | D:3      | Found a burning altar of Makhleb.
  2217 | D:3      | Found a glowing golden altar of the Shining One.
  2258 | D:3      | Found a bloodstained altar of Trog.
  2262 | D:3      | Found an iron altar of Okawaru.
  2426 | D:3      | Found a shattered altar of Ashenzari.
  2426 | D:3      | Found a shimmering blue altar of Sif Muna.
  2426 | D:3      | Found a snail-covered altar of Cheibriados.
  2467 | D:3      | Found an ornate altar of the Wu Jian Council.
  2475 | D:3      | Found a sparkling altar of Nemelex Xobeh.
  2476 | D:3      | Found a shimmering altar of Xom.
  2477 | D:3      | Found a shadowy altar of Dithmenos.
  2478 | D:3      | Found an opulent altar of Gozag.
  2479 | D:3      | Found a hazy altar of Hepliaklqana.
  2480 | D:3      | Found a hide-covered altar of Uskayaw.
  2534 | D:3      | Reached skill level 4 in Fighting
  3275 | D:4      | Reached XP level 6. HP: 43/48 MP: 6/6
  3386 | D:4      | Found a blossoming altar of Fedhas.
  3386 | D:4      | Found an ancient bone altar of Kikubaaqudgha.
  3415 | D:4      | Noticed Sigmund
  3430 | D:3      | Became a worshipper of Warmaster Okawaru
  3447 | D:4      | Killed Sigmund
  3842 | D:5      | Entered Level 5 of the Dungeon
  3845 | D:5      | Noticed an ice beast
  3855 | D:5      | Killed an ice beast
  3855 | D:5      | Reached XP level 7. HP: 22/55 MP: 7/7
  4155 | D:5      | Found a staircase to the Ecumenical Temple.
  4393 | D:5      | Reached * piety under Okawaru
  4393 | D:5      | Reached skill level 5 in Fighting
  4419 | D:5      | Noticed Menkaure
  4822 | D:6      | Found a sacrificial altar of Ru.
  4843 | D:6      | Reached skill level 5 in Armour
  4843 | D:6      | Reached skill level 5 in Shields
  4843 | D:6      | Gained mutation: You have hooves in place of feet. [demonic
                  | ancestry]
  4843 | D:6      | Reached XP level 8. HP: 31/63 MP: 8/8
  5030 | D:6      | Noticed a troll
  5093 | D:6      | Reached ** piety under Okawaru
  5099 | D:6      | Noticed Blork the orc
  5382 | D:7      | Noticed a hippogriff
  5391 | D:7      | Killed a hippogriff
  5391 | D:7      | Reached skill level 6 in Fighting
  5391 | D:7      | Reached skill level 5 in Long Blades
  5806 | D:7      | Slain by a killer bee

Illustrated notes

Levels and vault maps discovered:
D:1:      matt_arrival_los_fun, layout_basic, minmay_hexomino_p4
D:2:      layout_basic
D:3:      layout_basic, nicolae_overflow_hidden_temple, minitemple,
          gammafunk_temple_overflow_claw
D:4:      layout_basic, grunt_temple_overflow_growth_and_decay, serial_curves,
          eino_curves_03, eino_curves_03, uniq_sigmund
D:5:      lemuel_ratsnest, layout_basic, minmay_temple_entry_proselytizer,
          uniq_prince_ribbit1, uniq_menkaure
D:6:      layout_cave_pools, serial_column_ruins, column_ruins_hut_ruined,
          column_ruins_grid_1, column_ruins_open_small,
          column_ruins_columns_straight, column_ruins_columns_straight,
          column_ruins_grid_1, nicolae_ru_sacrificial_ziggurat,
          uniq_blork_the_orc
D:7:      layout_gridville, uniq_duvessa

Skill      XL: |  1  2  3  4  5  6  7  8 |
---------------+-------------------------+-----
Long Blades    | 2 3 4 5 |  5.2
Shields        | 3 4 5 |  5.7
Armour         | 3 4 5 |  5.7
Fighting       | 4 5 6 |  6.2

Action                   |  1- 3 |  4- 6 |  7- 9 || total
-------------------------+-------+-------+-------++-------
Melee: Long sword        |   121 |    87 |   131 ||   339
       Kick              |    22 |    29 |    71 ||   122
Evoke: Wand              |       |     3 |       ||     3
  Use: Potion            |       |       |     2 ||     2
 Stab: Invisible         |       |       |     2 ||     2
Armor: Scale mail        |    76 |    31 |    42 ||   149
Dodge: Dodged            |    40 |    29 |    62 ||   131
Block: Kite shield       |    78 |    45 |   102 ||   225
       Rpst.: Long sword |    14 |    11 |    15 ||    40

Table legend:
 A = Non-vault XP
 B = Vault XP
 C = Vault XP percentage of total XP
 D = Non-vault monster count
 E = Vault monster count
 F = Vault count percentage of total count
                 A         B        C        D         E       F
            +---------+---------+-------+---------+---------+-------
      Total |    2089 |     257 |  11.0 |     111 |       5 |   4.3
            +---------+---------+-------+---------+---------+-------
        D:1 |      20 |       4 |  16.7 |      12 |       3 |  20.0
        D:2 |     233 |       0 |   0.0 |      28 |       0 |   0.0
        D:3 |     115 |       0 |   0.0 |      25 |       0 |   0.0
        D:4 |     118 |     212 |  64.2 |       7 |       1 |  12.5
        D:5 |     279 |      41 |  12.8 |       6 |       1 |  14.3
        D:6 |     498 |       0 |   0.0 |      16 |       0 |   0.0
        D:7 |     826 |       0 |   0.0 |      17 |       0 |   0.0
            +---------+---------+-------+---------+---------+-------
